 Dungeon Crawl Stone Soup version 0.31-a0-986-g5e6e4ef867 (webtiles) character file.

Game seed: 11675200008641988747

102 wildpjah the Slasher (level 4, 0/35 HPs)
             Began as a Demonspawn Gladiator on Nov 21, 2023.
             Slain by a gnoll
             ... wielding a +0 flail
              (4 damage)
             ... on level 3 of the Dungeon.
             The game lasted 00:06:41 (1869 turns).

wildpjah the Slasher (Demonspawn Gladiator)         Turns: 1869, Time: 00:06:41

Health: 0/35       AC:  5    Str: 15    XL:     4   Next: 50%
Magic:  4/4        EV: 13    Int:  9    God:
Gold:   153        SH:  0    Dex: 16    Spells: 3/3 levels left

rFire   . . .        a - +0 long sword
rCold   + . .        (no shield)
rNeg    . . .        b - +0 leather armour
rPois   .            c - +0 helmet
rElec   .            (no cloak)
rCorr   .            (no gloves)
SInv    .            (no boots)
Will    .....        (no amulet)
Stlth   +            m - ring of protection from cold
HPRegen 0.25/turn    (no ring)
MPRegen 0.09/turn

%: no passive effects
@: mighty
A: rugged brown scales 1, powered by pain 1
a: no special abilities


You were on level 3 of the Dungeon.
You visited 1 branch of the dungeon, and saw 3 of its levels.

You collected 153 gold pieces.

Inventory:

Hand Weapons
 a - a +0 long sword (weapon)
Missiles
 d - 4 throwing nets (quivered)
 e - a javelin
Armour
 b - a +0 leather armour (worn)
 c - a +0 helmet (worn)
Jewellery
 m - a ring of protection from cold (left hand)
Scrolls
 f - a scroll of brand weapon {unknown}
 g - a scroll of identify {unknown}
 n - a scroll of poison {unknown}
Potions
 h - a potion of mutation {unknown}
 i - a potion of might
 j - a potion of attraction {unknown}
 k - a potion of curing {unknown}
 l - a potion of heal wounds {unknown}


   Skills:
 * Level 2.6 Fighting
 + Level 3.7 Long Blades
 + Level 2.0 Throwing
 + Level 0.9 Armour
 + Level 3.3 Dodging
 + Level 0.3 Stealth


You had 3 spell levels left.
You didn't know any spells.
Your spell library was empty.

Dungeon Overview and Level Annotations

Branches:
Dungeon (3/15)

Altars:
Xom

Shops:
D:1 [   D:2 *


Innate Abilities, Weirdness & Mutations

You are partially covered in rugged brown scales. (AC +1, +3% HP)
You sometimes gain a little power by taking damage.


Message History

The gnoll is almost dead.
The gnoll hits you with a +0 flail. The gnoll closely misses you.
You slash the gnoll!
You kill the gnoll!
The gnoll barely misses you. The gnoll closely misses you.
Things that are here:
a +0 flail; a gnoll corpse You slash the gnoll!
The gnoll is severely wounded.
The gnoll barely misses you.
You hit the gnoll.
The gnoll is almost dead.
The gnoll hits you with a +0 spear. The gnoll barely misses you.
You barely miss the gnoll.
The gnoll is almost dead.
The gnoll barely misses you.
You slash the gnoll!
You kill the gnoll!
You hit the gnoll.
The gnoll is lightly wounded.
The gnoll closely misses you.
You closely miss the gnoll.
The gnoll is lightly wounded.
The gnoll hits you with a +0 flail.
You barely miss the gnoll.
The gnoll is lightly wounded.
The gnoll hits you with a +0 flail. x2
You barely miss the gnoll.
The gnoll is lightly wounded.
The gnoll hits you with a +0 flail!
* * * LOW HITPOINT WARNING * * *
You hit the gnoll but do no damage.
The gnoll is lightly wounded.
The gnoll hits you with a +0 flail.
* * * LOW HITPOINT WARNING * * *
It was a potion of might.
You feel very mighty all of a sudden. The gnoll hits you with a +0 flail.
You die...

### # #.## .#.#
#############.#... .#.####
...........##.#.#. ...(...
#########......#.#. ......#
................>#.#!.....
####...###.####.##....####
#####.†.#....@gg...........
#.......#.#.####.##.######
#.####.##.#....#...)......#
.#.####.##.#<##.#.#.!.#..#.#
........†.......#.#......#
##.#######...#..#.#......#
#.#....#.#....#!#
#.#....#.####.....
#.##..##?. ...##


You could see 2 gnolls.

Vanquished Creatures
  2 gnolls (D:3)
  2 adders
  A worm (D:2)
  A dart slug (D:1)
  9 bats
  6 endoplasms
  A giant cockroach (D:1)
  8 goblins
  8 hobgoblins
  A quokka (D:1)
  3 ball pythons
  4 frilled lizards
  4 kobolds (D:1)
  9 rats
59 creatures vanquished.

Notes
Turn   | Place    | Note
-------+----------+-------------------------------------------
     0 | D:1      | wildpjah the Demonspawn Gladiator began the quest for the
                  | Orb.
     0 | D:1      | Reached XP level 1. HP: 16/16 MP: 1/1
   139 | D:1      | Gained mutation: You are partially covered in rugged brown
                  | scales. (AC +1, +3% HP) [demonic ancestry]
   139 | D:1      | Reached XP level 2. HP: 16/22 MP: 2/2
   381 | D:1      | Found Hogof's Armour Shoppe.
   403 | D:1      | Gained mutation: You sometimes gain a little power by
                  | taking damage. [demonic ancestry]
   403 | D:1      | Reached XP level 3. HP: 19/27 MP: 3/3
  1044 | D:2      | Found a shimmering altar of Xom.
  1349 | D:2      | Found a faded altar of an unknown god.
  1365 | D:2      | Found Amui's General Store.
  1454 | D:2      | Reached XP level 4. HP: 35/35 MP: 4/4
  1869 | D:3      | Slain by a gnoll

Illustrated notes

Levels and vault maps discovered:
D:1:      scummos_arrival_gate, layout_rooms, serial_shops, shop
D:2:      layout_basic, serial_shops, shop_statue, basic_altar,
          ebering_ecumenical_altar_petrified, minivault_5,
          kennysheep_generic_room_12
D:3:      cheibrodos_helix_gallery, layout_basic, minmay_misc_feat_tower,
          item_on_display_a

Skill      XL: |  1  2 |
---------------+-------+-----
Dodging        | 3 |  3.3
Long Blades    | 3 |  3.7
Throwing       | 2 |  2.0
Fighting       | |  2.6
Armour         | |  0.9
Stealth        | |  0.3

Action                     |  1- 3 |  4- 6 || total
---------------------------+-------+-------++-------
  Melee: Long sword        |   140 |    30 ||   170
         Punch             |     2 |       ||     2
    Use: Potion            |       |     1 ||     1
   Stab: Sleeping          |     2 |       ||     2
 Armour: Leather armour    |    95 |    19 ||   114
  Dodge: Dodged            |    95 |    19 ||   114

Table legend: (Time is in decaauts)
 A = Elapsed time spent in this place.
 B = Non-inter-level travel time spent in this place.
 C = Inter-level travel time spent in this place.
 D = Time resting spent in this place.
 E = Time spent auto-exploring this place.
 F = Levels seen in this place.
 G = Mean time per level.
                   A        B        C        D        E       F      G
               +--------+--------+--------+--------+--------+-----+--------+
         Total |   1909 |   1854 |     55 |      0 |   1451 |   3 |  636.3 |
       Dungeon |   1909 |   1854 |     55 |      0 |   1451 |   3 |  636.3 |
               +--------+--------+--------+--------+--------+-----+--------+

Top non-repeatable levels by time:
     D:2: 1206 daAuts
     D:1: 607 daAuts
     D:3: 95 daAuts
